 Dungeon Crawl Stone Soup version 0.31-a0-187-gba352fbbf7 (webtiles) character file.

Game seed: 5710790584718018297

149 qw the Skirmisher (level 5, -2/29 HPs)
             Began as a Deep Elf Hunter on June 22, 2023.
             Slain by a gnoll
             ... wielding a +0 spear
             ... led by a gnoll bouda
              (6 damage)
             ... on level 4 of the Dungeon.
             The game lasted 00:00:58 (2095 turns).

qw the Skirmisher (Deep Elf Hunter)                 Turns: 2095, Time: 00:00:59

Health: -2/29      AC:  8    Str: 10    XL:     5   Next: 9%
Magic:  7/7        EV:  9    Int: 14    God:
Gold:   93         SH:  0    Dex: 18    Spells: 4/4 levels left

rFire   . . .        a - +0 arbalest
rCold   + . .        (shield currently unavailable)
rNeg    . . .        d - +0 scale mail {rC+}
rPois   .            l - +1 helmet
rElec   .            (no cloak)
rCorr   .            (no gloves)
SInv    .            (no boots)
Will    .....        (no amulet)
Stlth   +            (no ring)
HPRegen 0.24/turn    (no ring)
MPRegen 0.10/turn

%: no passive effects
@: lethally poisoned (-2 -> -4)
A: no striking features
a: no special abilities


You were on level 4 of the Dungeon.
You visited 1 branch of the dungeon, and saw 4 of its levels.

You collected 117 gold pieces.
You spent 24 gold pieces at shops.


   Skills:
 - Level 1.5 Fighting
 + Level 8.5 Ranged Weapons
 - Level 2.4 Dodging
 - Level 1.2 Stealth


You had 4 spell levels left.
You didn't know any spells.
Your spell library was empty.

Inventory:

Hand Weapons
 a - a +0 arbalest (weapon)
Armour
 d - a +0 scale mail of cold resistance (worn)
 j - a +0 ring mail
 l - a +1 helmet (worn)
Jewellery
 m - a ring of positive energy
Wands
 n - a wand of digging (7)
Scrolls
 f - 2 scrolls of identify
 i - a scroll of silence {unknown}
Potions
 b - a potion of haste
 c - a potion of enlightenment
 e - 3 potions of heal wounds
 g - a potion of might
 h - 6 potions of curing
 k - a potion of cancellation

Dungeon Overview and Level Annotations

Branches:
Dungeon (4/15)
 Temple: D:4-7

Altars:
Uskayaw

Shops:
D:1 =*=?


Message History

The gnoll bouda calls upon its god to heal the gnoll.
The gnoll's wounds heal themselves!
The gnoll closely misses you. The gnoll barely misses you.
You shoot a bolt.
The bolt completely misses the gnoll bouda.
You feel very sick.
The gnoll is no longer moving quickly.
The gnoll hits you but does no damage.
The gnoll bouda gazes fiercely through you!
You feel your attacks grow feeble. The gnoll bouda barely misses you.
The gnoll hits you but does no damage. The gnoll barely misses you. x2
The gnoll bouda hits you with a +0 club.
The gnoll closely misses you. x2
You shoot a bolt. The bolt hits the gnoll bouda.
The gnoll bouda is lightly wounded.
You feel sick. The gnoll hits you with a +0 club. The kobold barely misses you.
The gnoll bouda barks out a call to the hunt!
The gnoll picks up the pace!
The gnoll completely misses you. The gnoll barely misses you.
The gnoll hits you but does no damage.
The gnoll bouda hits you but does no damage.
The kobold barely misses you. The gnoll hits you but does no damage.
You shoot a bolt.
The bolt closely misses the gnoll bouda.
Your attacks no longer feel as feeble.
You feel sick.
The gnoll is no longer moving quickly.
The gnoll hits you with a +0 flail. The gnoll barely misses you.
The kobold hits you but does no damage.
The gnoll bouda barks out a call to the hunt!
The gnoll picks up the pace!
The gnoll misses you. The gnoll hits you but does no damage.
The gnoll barely misses you.
You shoot a bolt.
The bolt hits the gnoll bouda but does no damage.
The gnoll bouda is lightly wounded.
You feel sick.
The gnoll is no longer moving quickly.
The kobold hits you with a +0 whip.
The gnoll bouda hits you with a +0 club.
The gnoll hits you from afar with a +0 spear.
You die...

#...........#................
#...................##.####..
#.............#.######.####..
..............#..............
....................#.#####..
.......................%....
..................[....##..
...........##.#.#.###.#...
........@g##.#.......#...
......Kgg##.#.......#.##
.....g..............#.##
....................#...
............(.....###...
........................
................#..##...
........................
.........##.#...........


You could see a gnoll bouda, 3 gnolls and a kobold.

Vanquished Creatures
  A scorpion (D:4)
  An adder (D:2)
  An ufetubus (D:4)
  2 worms
  12 ball pythons
  6 endoplasms
  3 giant cockroaches
  8 goblins
  4 hobgoblins
  3 jackals (D:4)
  3 quokkas (D:4)
  5 bats
  8 frilled lizards
  4 kobolds
  5 rats
66 creatures vanquished.

Notes
Turn   | Place    | Note
-------+----------+-------------------------------------------
     0 | D:1      | qw the Deep Elf Hunter began the quest for the Orb.
     0 | D:1      | Reached XP level 1. HP: 12/12 MP: 3/3
     0 | D:1      | 0 ||| qw: Version: 0.3-a-9-g12657ce
     0 | D:1      | 0 ||| qw: Game counter: 2641
     0 | D:1      | 0 ||| qw: Always use a shield: true
     0 | D:1      | 0 ||| qw: God list: Okawaru
     0 | D:1      | 0 ||| qw: Allow faded altars: false
     0 | D:1      | 0 ||| qw: Do Orc after D:15 true
     0 | D:1      | 0 ||| qw: Do second Lair branch before Depths: true
     0 | D:1      | 0 ||| qw: Lair rune preference: random
     0 | D:1      | 0 ||| qw: Plans: Normal
     0 | D:1      | 0 ||| PLANNING D:1-11
    47 | D:1      | Found Bific's Jewellery Shoppe.
    56 | D:1      | 56 ||| SHOPLISTING amulet of faith (440 gold, have 0).
    56 | D:1      | 56 ||| SHOPLISTING amulet of regeneration (330 gold, have
                  | 0).
    56 | D:1      | 56 ||| SHOPLISTING ring of fire (275 gold, have 0).
    56 | D:1      | 56 ||| SHOPLISTING ring of positive energy (220 gold, have
                  | 0).
   115 | D:1      | Reached XP level 2. HP: 16/16 MP: 4/4
   142 | D:1      | Reached skill level 6 in Ranged Weapons
   314 | D:1      | Found Buoxae's Jewellery Boutique.
   322 | D:1      | 322 ||| SHOPLISTING +4 ring of protection (360 gold, have
                  | 27).
   322 | D:1      | 322 ||| SHOPLISTING +6 ring of dexterity (360 gold, have
                  | 27).
   322 | D:1      | 322 ||| SHOPLISTING amulet of the acrobat (300 gold, have
                  | 27).
   322 | D:1      | 322 ||| SHOPLISTING ring of fire (250 gold, have 27).
   322 | D:1      | 322 ||| SHOPLISTING ring of poison resistance (200 gold,
                  | have 27).
   322 | D:1      | 322 ||| SHOPLISTING ring of see invisible (150 gold, have
                  | 27).
   355 | D:1      | Found Supiw's General Store.
   363 | D:1      | 363 ||| SHOPLISTING +0 ring mail (48 gold, have 27).
   363 | D:1      | 363 ||| BUYING scroll of identify (24 gold).
   363 | D:1      | Bought a scroll of identify for 24 gold pieces
   410 | D:1      | Found Povirphe's Magic Scroll Shop.
   414 | D:1      | 414 ||| SHOPLISTING scroll of identify (20 gold, have 3).
   598 | D:1      | 598 ||| UPGRADING to +0 scale mail of cold resistance.
   608 | D:1      | 608 ||| DROPPING +0 leather armour.
   609 | D:1      | 609 ||| DROPPING ring of wizardry.
   610 | D:1      | 610 ||| DRINKING 2 viscous clear potions.
   611 | D:1      | 611 ||| DRINKING 2 fuming yellow potions.
   612 | D:1      | 612 ||| READING 3 scrolls of identify.
   612 | D:1      | 612 ||| IDENTIFYING grey potion
   613 | D:1      | 613 ||| READING 2 scrolls of identify.
   613 | D:1      | 613 ||| IDENTIFYING bubbling red potion
   614 | D:1      | 614 ||| DROPPING scroll of butterflies.
   615 | D:1      | 615 ||| DROPPING potion of degeneration.
   624 | D:2      | 624 ||| STAIRDANCE
   674 | D:2      | Reached XP level 3. HP: 20/20 MP: 5/5
   765 | D:2      | Identified the +5 broad axe of the Flying Pariah {freeze,
                  | rC- Dex+5}
  1011 | D:2      | Reached skill level 7 in Ranged Weapons
  1198 | D:2      | 1198 ||| UPGRADING to +1 helmet.
  1203 | D:2      | 1203 ||| READING scroll labelled SEPEWU UPPU.
  1204 | D:2      | 1204 ||| READING scroll labelled MYORE SATSI.
  1205 | D:2      | 1205 ||| READING scroll labelled QILEIH YPIE.
  1206 | D:2      | 1206 ||| READING 3 scrolls of identify.
  1206 | D:2      | 1206 ||| IDENTIFYING fuming puce potion
  1207 | D:2      | 1207 ||| READING 2 scrolls of identify.
  1207 | D:2      | 1207 ||| IDENTIFYING bubbling ruby potion
  1208 | D:2      | 1208 ||| DROPPING potion of brilliance.
  1269 | D:3      | 1269 ||| SWAPPING to +0 arbalest.
  1272 | D:3      | 1272 ||| DROPPING +0 shortbow.
  1307 | D:3      | Found a hide-covered altar of Uskayaw.
  1739 | D:3      | 1739 ||| READING 5 scrolls of identify.
  1739 | D:3      | 1739 ||| IDENTIFYING fizzy brown potion
  1740 | D:3      | 1740 ||| READING 4 scrolls of identify.
  1740 | D:3      | 1740 ||| IDENTIFYING silvery potion
  1741 | D:3      | 1741 ||| READING 3 scrolls of identify.
  1741 | D:3      | 1741 ||| IDENTIFYING red potion
  1742 | D:3      | 1742 ||| DROPPING potion of magic.
  1773 | D:4      | Reached XP level 4. HP: 25/25 MP: 6/6
  1991 | D:4      | Noticed a scorpion
  1997 | D:4      | Killed a scorpion
  1998 | D:4      | Reached skill level 8 in Ranged Weapons
  1998 | D:4      | Reached XP level 5. HP: 15/29 MP: 7/7
  2082 | D:4      | 2082 ||| FLEEEEING.
  2083 | D:4      | 2083 ||| FLEEEEING.
  2084 | D:4      | 2084 ||| FLEEEEING.
  2085 | D:4      | 2085 ||| FLEEEEING.
  2090 | D:4      | HP: 5/29 [gnoll/+0 spear[a gnoll bouda] (7)]
  2091 | D:4      | 2091 ||| DRINKING 4 potions of heal wounds.
  2095 | D:4      | HP: 6/29 [kobold/+0 whip (3)]
  2095 | D:4      | Slain by a gnoll

Levels and vault maps discovered:
D:1:      dpeg_arrival_orchard, layout_basic, serial_shops,
          nicolae_shop_temple_entry_statues_fountains,
          nicolae_shop_back_alley_shop, shop, shop, corexii_hall_statues_deadend
D:2:      layout_basic, serial_bayou_pond_d
D:3:      layout_rooms, nicolae_uskayaw_dance_hall,
          nicolae_concentric_dashed_squares_wild
D:4:      layout_basic, st_stairs_14

Skill      XL: |  1  2  3  4 |
---------------+-------------+-----
Ranged Weapons | 6 7 8 |  8.5
Fighting       | |  1.5
Dodging        | |  2.4
Stealth        | |  1.2

Action                     |  1- 3 |  4- 6 || total
---------------------------+-------+-------++-------
   Fire: Shortbow          |   107 |       ||   107
         Arbalest          |    21 |    46 ||    67
    Use: Scroll            |    10 |       ||    10
         Potion            |     2 |     1 ||     3
 Armour: Scale mail        |    13 |    21 ||    34
  Dodge: Dodged            |    15 |    35 ||    50

Table legend:
 A = Non-vault XP
 B = Vault XP
 C = Vault XP percentage of total XP
 D = Non-vault monster count
 E = Vault monster count
 F = Vault count percentage of total count
                 A         B        C        D         E       F
            +---------+---------+-------+---------+---------+-------
      Total |     214 |       0 |   0.0 |      66 |       0 |   0.0
            +---------+---------+-------+---------+---------+-------
        D:1 |      38 |       0 |   0.0 |      26 |       0 |   0.0
        D:2 |      40 |       0 |   0.0 |      14 |       0 |   0.0
        D:3 |      17 |       0 |   0.0 |      10 |       0 |   0.0
        D:4 |     119 |       0 |   0.0 |      16 |       0 |   0.0
            +---------+---------+-------+---------+---------+-------
